 Dungeon Crawl Stone Soup version 0.24-a0-7-g1bb0902 (webtiles) character file.

Game seed: 11991548785583254909

112 Lanoc the Skirmisher (level 4, -1/37 HPs)
             Began as a Demonspawn Berserker on Jan 30, 2019.
             Was a Believer of Trog.
             Slain by an orc priest (2 damage)
             ... on level 3 of the Dungeon.
             The game lasted 00:03:13 (1477 turns).

Lanoc the Skirmisher (Demonspawn Berserker)         Turns: 1477, Time: 00:03:15

Health: -1/37      AC:  5    Str: 19    XL:     4   Next: 63%
Magic:  4/4        EV: 13    Int:  8    God:    Trog [**....]
Gold:   106        SH:  0    Dex: 12    Spells: 3/3 levels left

rFire    . . .     SeeInvis .   a - +0 hand axe
rCold    . . .     Gourm    .   (no shield)
rNeg     . . .     Faith    .   b - +0 animal skin
rPois    .         Spirit   .   (no helmet)
rElec    .         Reflect  .   (no cloak)
rCorr    .         Harm     .   (no gloves)
MR       .....                  d - +0 pair of boots (curse)
Stlth    +.........             (no amulet)
HPRegen  0.12/turn              (no ring)
MPRegen  0.09/turn              (no ring)

@: berserk cooldown
A: claws 1, icy blue scales 1
a: Berserk, Trog's Hand, Renounce Religion


You were on level 3 of the Dungeon.
You worshipped Trog.
Trog was pleased with you.
You were not hungry.

You visited 1 branch of the dungeon, and saw 3 of its levels.

You collected 106 gold pieces.

Inventory:

Hand Weapons
 a - a +0 hand axe (weapon)
Armour
 b - a +0 animal skin (worn)
 d - a cursed +0 pair of boots (worn)
Scrolls
 f - 4 scrolls of identify {unknown}
 g - a scroll of fog {unknown}
 n - a scroll of immolation {unknown}
 o - 2 scrolls of teleportation {unknown}
 r - a scroll of enchant weapon {unknown}
Potions
 e - a potion of agility {unknown}
 h - a potion of degeneration {unknown}
 i - a potion of curing {unknown}
 j - a potion of might {unknown}
 k - a potion of brilliance {unknown}
 m - a potion of ambrosia {unknown}
 p - 2 potions of resistance {unknown}
Comestibles
 c - 7 rations


   Skills:
 + Level 3.9 Fighting
 - Level 2.6 Axes
 + Level 2.8 Armour
 + Level 2.8 Dodging
   Level 1.0 Shields


You had 3 spell levels left.
You didn't know any spells.
Your spell library was empty.

Dungeon Overview and Level Annotations

Branches:
Dungeon (3/15)

Altars:
Nemelex Xobeh
Wu Jian


Innate Abilities, Weirdness & Mutations

You have sharp fingernails.
You are partially covered in icy blue scales. (AC +2)


Message History

The orc priest invokes the aid of Beogh against you.
Beogh smites you! The orc hits you but does no damage.
You hit the orc priest.
The orc priest is moderately wounded.
You completely miss the orc. You barely miss the orc. You hit the orc.
You kill the orc!
Trog accepts your kill. The orc barely misses you.
The orc priest barely misses you.
The orc throws a tomahawk.
The tomahawk barely misses you.
You hit the orc priest.
The orc priest is heavily wounded.
You barely miss the orc. You hit the orc. The orc misses you.
The orc priest calls down the wrath of Beogh upon you.
Beogh smites you!
* * * LOW HITPOINT WARNING * * *
The orc hits you.
* * * LOW HITPOINT WARNING * * *
The orc throws a tomahawk.
The tomahawk completely misses you. The orc completely misses you.
The orc priest hits you.
You die...

..........
................
..รท.######
#####.....###### ....#
#.....# ....###########
##....#
..............####....#
.................#....#
........[.....##.#....#
..............##o#....#
..............##@.o..$#
...........(..#.oo.....#
..............#........#
..............#........#
...........+........+
#........# #####+####


You could see an orc priest and 3 orcs.

Vanquished Creatures
  Natasha (D:3)
  3 adders
  A worm (D:2)
  3 dart slugs
  2 leopard geckos
  An orc (D:3)
  A giant cockroach (D:1)
  7 goblins
  4 hobgoblins
  A quokka (D:2)
  A ball python (D:2)
  6 bats
  5 frilled lizards
  13 kobolds
  2 rats (D:2)
51 creatures vanquished.

Notes
Turn   | Place    | Note
-------+----------+-------------------------------------------
     0 | D:1      | Lanoc the Demonspawn Berserker began the quest for the Orb.
     0 | D:1      | Reached XP level 1. HP: 18/18 MP: 1/1
    96 | D:1      | Gained mutation: You are partially covered in icy blue
                  | scales. (AC +2) [demonic ancestry]
    96 | D:1      | Reached XP level 2. HP: 17/24 MP: 2/2
   547 | D:2      | Reached ** piety under Trog
   565 | D:2      | Reached XP level 3. HP: 27/29 MP: 3/3
   589 | D:2      | Found a sparkling altar of Nemelex Xobeh.
   746 | D:2      | Found an ornate altar of the Wu Jian Council.
  1147 | D:2      | Reached skill level 1 in Shields
  1147 | D:2      | Gained mutation: You have sharp fingernails. [demonic
                  | ancestry]
  1147 | D:2      | Reached XP level 4. HP: 23/36 MP: 4/4
  1437 | D:3      | Noticed Natasha
  1444 | D:3      | Killed Natasha
  1477 | D:3      | HP: 1/37 [orc (4)]
  1477 | D:3      | Slain by an orc priest

Vault maps used:
D:1:      nzn_arrival_water_spiral
D:2:      old_standard_altar, nemelex_altar_shiori, first_ration
D:3:      nicolae_ru_path_of_blood, uniq_ijyb, uniq_natasha, uniq_grinder

Skill      XL: |  1  2  3 |
---------------+----------+-----
Armour         | 2 |  2.8
Dodging        | 2 |  2.8
Shields        | 1 |  1.0
Fighting       | |  3.9
Axes           | |  2.6

Action                   |  1- 3 |  4- 6 || total
-------------------------+-------+-------++-------
Melee: Hand axe          |   129 |    20 ||   149
Invok: Berserk           |     2 |     1 ||     3
  Eat: Chunk             |     3 |     2 ||     5
Armor: Animal skin       |    38 |     7 ||    45
Dodge: Dodged            |    68 |    27 ||    95
Block: Buckler           |     4 |     1 ||     5

Table legend:
 A = Non-vault XP
 B = Vault XP
 C = Vault XP percentage of total XP
 D = Non-vault monster count
 E = Vault monster count
 F = Vault count percentage of total count
                 A         B        C        D         E       F
            +---------+---------+-------+---------+---------+-------
      Total |     125 |      35 |  21.9 |      50 |       1 |   2.0
            +---------+---------+-------+---------+---------+-------
        D:1 |      33 |       0 |   0.0 |      19 |       0 |   0.0
        D:2 |      72 |       0 |   0.0 |      27 |       0 |   0.0
        D:3 |      20 |      35 |  63.6 |       4 |       1 |  20.0
            +---------+---------+-------+---------+---------+-------
